 Dungeon Crawl Stone Soup version 0.25.0-10-g039870e (webtiles) character file.

Game seed: 1611787389766244288

22074 robertstho the Brawler (level 12, -1/102 (103) HPs)
             Began as a Ghoul Monk on June 23, 2020.
             Was a High Priest of Okawaru.
             Killed from afar by a red draconian (19 damage)
             ... with a searing blast
             ... in a volcano.
             The game lasted 00:30:09 (13252 turns).

robertstho the Brawler (Ghoul Monk)                Turns: 13252, Time: 00:30:10

HP:   -1/102 (103)  AC: 25    Str: 20    XL:     12   Next: 96%
MP:   14/15         EV: 12    Int:  5    God:    Okawaru [*****.]
Gold: 535           SH:  0    Dex: 11    Spells: 11/11 levels left

rFire    . . .     SeeInvis .     - Unarmed
rCold    + + .     Gourm    .   (no shield)
rNeg     + + +     Faith    .   k - +4 chain mail {rPois}
rPois    ∞         Spirit   .   z - +2 helmet
rElec    .         Reflect  .   (no cloak)
rCorr    .         Harm     .   v - +0 pair of gloves
MR       .....                  p - +2 pair of boots {run}
Stlth    +++.......             g - amulet of regeneration
HPRegen  0.00/turn              (no ring)
MPRegen  0.14/turn              y - ring of protection from cold

@: heroism, rotting, quick
A: rotting body, claws 1, carnivore, cold resistance 1, negative energy
resistance 3, inhibited regeneration, torment resistance, unbreathing
a: Heroism, Finesse, Renounce Religion


You were in a volcano.
You worshipped Okawaru.
Okawaru was extremely pleased with you.
You were not hungry.

You visited 3 branches of the dungeon, and saw 14 of its levels.
You also visited: Bailey and Volcano.

You collected 767 gold pieces.
You spent 232 gold pieces at shops.

Inventory:

Hand Weapons
 r - the +3 hunting sling of the Feather {vorpal, SInv, unknown}
   (You found it in a bailey)

   Any stone fired from it inflicts extra damage.
   It lets you see invisible.
Armour
 h - the +4 ring mail of Activism {rC+ rN+ Regen+ Str-5}
   (Okawaru gifted it to you on level 1 of the Lair of Beasts)

   It affects your strength (-5).
   It protects you from cold.
   It protects you from negative energy.
   It increases your rate of regeneration.
 k - a +4 chain mail of poison resistance (worn)
 p - a +2 pair of boots of running (worn)
 v - a +0 pair of gloves (worn)
 z - a +2 helmet (worn)
 B - the +1 helmet "Nekhifor" {rElec rPois rC-}
   (You found it on level 6 of the Dungeon)

   It makes you vulnerable to cold.
   It insulates you from electricity.
   It protects you from poison.
Jewellery
 d - an uncursed ring of stealth
 e - a cursed ring of teleportation {unknown}
 g - an amulet of regeneration (around neck)
 y - a ring of protection from cold (right hand)
 A - an uncursed ring of protection from magic
Wands
 m - a wand of digging (5)
 C - a wand of clouds (10)
Scrolls
 a - 2 scrolls of fear
 j - 2 scrolls of magic mapping {unknown}
 l - 2 scrolls of immolation
 o - 4 scrolls of teleportation
 t - a scroll of remove curse
 D - a scroll of brand weapon {unknown}
 E - 2 scrolls of enchant weapon {unknown}
 G - 2 scrolls of enchant armour {unknown}
 I - 2 scrolls of blinking {unknown}
 K - a scroll of silence {unknown}
Potions
 c - a potion of invisibility {unknown}
 i - 2 potions of experience
 n - 2 potions of haste
 q - a potion of stabbing
 s - a potion of magic
 x - 3 potions of flight
 H - a potion of resistance
Miscellaneous
 J - a lightning rod (4/4)
Comestibles
 b - 22 rations
 f - a chunk of flesh


   Skills:
 * Level 8.7(13.7) Fighting
 * Level 7.5(12.5) Armour
 + Level 4.1(9.1) Dodging
 * Level 9.4(14.4) Stealth
 * Level 15.9(20.9) Unarmed Combat
 * Level 6.2 Invocations
 + Level 0.3 Evocations


You had 11 spell levels left.
You didn't know any spells.
Your spell library contained the following spells:

 Spells                   Type           Power        Failure   Level  Hunger
 Poisonous Vapours        Pois/Air       #.....       99%         2    ###....
 Conjure Flame            Conj/Fire      #.......     100%        3    ####...
 Mephitic Cloud           Conj/Pois/Air  #.......     100%        3    ####...
 Freezing Cloud           Conj/Ice/Air   #.........   100%        6    #######
 Ring of Flames           Chrm/Fire      #.........   100%        7    #######


Dungeon Overview and Level Annotations

Branches:
Dungeon (11/15)            Temple (1/1) D:7            Lair (2/6) D:8
    Orc (0/2) D:9          Bailey (visited)         Volcano (1/1)
  Swamp: Lair:2-4    Shoals: Lair:2-4     Snake: Lair:2-4    Spider: Lair:2-4

Altars:
Cheibriados
Dithmenos
Elyvilon
Fedhas
Gozag
Hepliaklqana
Kikubaaqudgha
Makhleb
Nemelex Xobeh
Okawaru
Qazlal
Ru
Sif Muna
Trog
Uskayaw
Vehumet
Wu Jian
Yredelemnul
Zin
The Shining One

Shops:
D:8 *

Portals:
Trove: D:10 (give +7 demon blade)

Annotations:
D:9 2 runed translucent doors, Guuqinn's ghost, journeyman GrEE


Innate Abilities, Weirdness & Mutations

Your body is rotting away.
You thrive on raw meat.
You are immune to poison.
You have sharp fingernails.
You are carnivorous and can eat meat at any time.
Your flesh is cold resistant. (rC+)
You are immune to negative energy. (rN+++)
You do not regenerate when monsters are visible.
You are immune to unholy pain and torment.
You can survive without breathing.


Message History

The red draconian is moderately wounded.
You pummel the red draconian!!
You punch the red draconian, but do no damage.
The red draconian is severely wounded.
The red draconian hits you but does no damage.
Your chain mail prevents you from hitting the red draconian.
The red draconian is severely wounded.
You pummel the red draconian!!
The red draconian is almost dead.
You feel your flesh rotting away.
The red draconian breathes flames at you.
The searing blast hits you!!
* * * LOW HITPOINT WARNING * * *
You barely miss the red draconian.
The red draconian is almost dead.
You are engulfed in blazing flames.
* * * LOW HITPOINT WARNING * * *
The red draconian breathes flames at you.
The searing blast hits you!!
You die...

≈≈§≈≈≈....###
§≈≈≈≈≈≈≈....## ○##
≈≈≈≈§≈≈≈≈....# #○○#
≈≈≈≈§§≈≈....## #§≈≈#
§≈§§§§§≈≈§...# §§§§§
≈§≈≈≈≈§....### ≈≈[§≈≈
≈≈≈≈≈≈§§..§..###
#§§§§!#
.§........###..##dO$)[#
#####.##### ###.@#
##.##### #### #.#∩#.#
###∩..## #.....#
#§≈≈..≈≈≈# ##§≈§≈§≈##
##§≈§≈## ###☼☼#


You could see a red draconian (catching breath) and a two-headed ogre.

Vanquished Creatures
  Gastronok (Lair:1)
  An orc warlord (Bailey)
  3 hydras
  A death knight (D:11)
  3 two-headed ogres
  A black mamba (Lair:1)
  9 spiny frogs
  2 komodo dragons
  A troll (D:10)
  4 blink frogs (Lair:2)
  3 hippogriffs
  A spriggan (D:7)
  21 yaks
  A vampire (D:9)
  A basilisk (Lair:1)
  4 water elementals (D:10)
  Eustachio (D:4)
  Menkaure (D:6)
  A steam dragon (D:10)
  3 water moccasins
  A porcupine (Lair:2)
  3 black bears
  3 sky beasts
  6 orc warriors
  An ice beast (D:9)
  A phantom (D:8)
  5 ogres
  A wolf (Lair:2)
  2 crocodiles
  A big kobold (D:9)
  5 bullfrogs
  2 scorpions
  9 killer bees (D:10)
  3 wights (D:6)
  2 electric eels (Lair:2)
  3 howler monkeys (D:8)
  2 crimson imps
  3 bullfrog zombies
  2 centaur zombies
  A quasit (D:8)
  4 jellies
  7 hounds
  7 orc priests
  3 centaur skeletons
  13 orc wizards
  A gnoll shaman (D:5)
  2 iguanas
  7 worker ants
  2 hound skeletons
  2 worker ant zombies (D:5)
  Robin (D:4)
  13 gnolls
  8 adders
  A shadow imp (D:8)
  A worm (D:5)
  A dart slug (D:1)
  7 leopard geckos
  57 orcs
  2 ball pythons
  3 bats
  5 giant cockroaches
  20 goblins
  10 hobgoblins
  7 jackals
  A quokka (D:5)
  5 frilled lizards
  19 kobolds
  A leopard gecko skeleton (D:5)
  2 quokka skeletons
  5 rats
336 creatures vanquished.

Vanquished Creatures (others)
  An orc wizard (D:5)
  An orc (D:10)
  A fungus (Lair:1)
3 creatures vanquished.

Grand Total: 339 creatures vanquished

Notes
Turn   | Place    | Note
-------+----------+-------------------------------------------
     0 | D:1      | robertstho the Ghoul Monk began the quest for the Orb.
     0 | D:1      | Reached XP level 1. HP: 19/19 MP: 0/0
   463 | D:1      | Reached XP level 2. HP: 23/25 MP: 1/1
  1152 | D:2      | Reached XP level 3. HP: 33/33 MP: 2/2
  1157 | D:2      | Found an ancient bone altar of Kikubaaqudgha.
  1278 | D:2      | Found a glowing golden altar of the Shining One.
  1281 | D:2      | Found a sacrificial altar of Ru.
  1357 | D:2      | Found a hazy altar of Hepliaklqana.
  1534 | D:2      | Reached skill level 4 in Unarmed Combat
  1534 | D:2      | Reached XP level 4. HP: 33/40 MP: 3/3
  2262 | D:3      | Reached XP level 5. HP: 28/46 MP: 4/4
  2272 | D:3      | Reached skill level 1 in Armour
  2376 | D:3      | Reached skill level 5 in Unarmed Combat
  3087 | D:4      | Noticed Eustachio
  3217 | D:4      | Killed Eustachio
  3217 | D:4      | Reached XP level 6. HP: 17/53 MP: 5/5
  3556 | D:4      | Noticed Robin
  3624 | D:4      | Killed Robin
  3766 | D:4      | Found a hide-covered altar of Uskayaw.
  3868 | D:4      | Reached skill level 6 in Unarmed Combat
  3868 | D:4      | Reached XP level 7. HP: 50/60 MP: 6/6
  4313 | D:5      | Entered Level 5 of the Dungeon
  4587 | D:5      | Found a bloodstained altar of Trog.
  4632 | D:5      | Reached skill level 7 in Unarmed Combat
  4987 | D:5      | Found a burning altar of Makhleb.
  5110 | D:5      | Reached XP level 8. HP: 61/67 MP: 7/7
  5172 | D:5      | Reached skill level 5 in Fighting
  5184 | D:5      | Reached skill level 8 in Unarmed Combat
  5898 | D:6      | Noticed Menkaure
  5907 | D:6      | Killed Menkaure
  6145 | D:6      | Reached skill level 5 in Stealth
  6278 | D:6      | Reached skill level 9 in Unarmed Combat
  6576 | D:6      | Got a heavily runed helmet
  6586 | D:6      | Identified the +1 helmet "Nekhifor" {rElec rPois rC-} (You
                  | found it on level 6 of the Dungeon)
  6796 | D:6      | Reached XP level 9. HP: 35/74 MP: 8/8
  6996 | D:6      | Identified the +7 war axe of Feqoniss {drain, +Blink rF+
                  | MR+ Stlth+}
  7013 | D:6      | Reached skill level 10 in Unarmed Combat
  7383 | D:7      | Found a staircase to the Ecumenical Temple.
  7392 | Temple   | Entered the Ecumenical Temple
  7422 | Temple   | Became a worshipper of Warmaster Okawaru
  7422 | Temple   | Reached * piety under Okawaru
  7422 | Temple   | Reached ** piety under Okawaru
  7703 | D:7      | Found a flagged portal.
  7716 | Bailey   | Entered a bailey
  7721 | Bailey   | Noticed an orc warlord
  7827 | Bailey   | Found a runed translucent gate.
  7827 | Bailey   | Found a runed translucent gate.
  7827 | Bailey   | Found a runed translucent gate.
  7852 | Bailey   | Reached skill level 1 in Invocations
  8054 | Bailey   | Killed an orc warlord
  8054 | Bailey   | Reached *** piety under Okawaru
  8054 | Bailey   | Reached skill level 11 in Unarmed Combat
  8054 | Bailey   | Reached XP level 10. HP: 11/84 MP: 8/10
  8094 | Bailey   | Got an iridescent hunting sling
  8541 | D:7      | Reached **** piety under Okawaru
  8751 | D:8      | Reached skill level 12 in Unarmed Combat
  8977 | D:8      | Reached skill level 5 in Armour
  9015 | D:8      | Found a radiant altar of Vehumet.
  9201 | D:8      | Found a staircase to the Lair.
  9314 | D:8      | Found Xiggebu's Assorted Antiques.
  9322 | D:8      | Bought a potion of curing for 87 gold pieces
  9322 | D:8      | Bought a scroll of identify for 58 gold pieces
  9322 | D:8      | Bought a scroll labeled JYH OPETIDUL EWEI for 29 gold
                  | pieces
  9322 | D:8      | Bought a scroll of identify for 58 gold pieces
  9410 | D:9      | Noticed a two-headed ogre
  9428 | D:8      | Killed a two-headed ogre
  9680 | D:9      | Found a large runed translucent door.
  9681 | D:9      | Found a large runed translucent door.
  9684 | D:9      | Noticed Guuqinn's ghost (journeyman GrEE)
  9720 | D:9      | Reached ***** piety under Okawaru
  9847 | D:9      | Found a stormy altar of Qazlal.
 10090 | D:9      | Found a staircase to the Orcish Mines.
 10149 | D:10     | Entered Level 10 of the Dungeon
 10149 | D:10     | Found a portal to a secret trove of treasure.
 10232 | D:10     | Reached XP level 11. HP: 84/92 MP: 12/12
 10276 | D:10     | Reached skill level 13 in Unarmed Combat
 10648 | D:10     | Noticed a two-headed ogre
 10660 | D:10     | Killed a two-headed ogre
 10891 | D:10     | Received a gift from Okawaru
 11183 | D:11     | Noticed a death knight
 11190 | D:11     | Noticed a two-headed ogre
 11200 | D:11     | Killed a death knight
 11200 | D:11     | Reached skill level 14 in Unarmed Combat
 11207 | D:11     | Killed a two-headed ogre
 11454 | Lair:1   | Entered Level 1 of the Lair of Beasts
 11517 | Lair:1   | Reached skill level 5 in Invocations
 11554 | Lair:1   | Noticed Gastronok
 11577 | Lair:1   | Killed Gastronok
 11577 | Lair:1   | Reached XP level 12. HP: 54/101 MP: 14/14
 11718 | Lair:1   | Noticed a five-headed hydra
 11732 | Lair:1   | Killed a five-headed hydra
 11732 | Lair:1   | Received a gift from Okawaru
 11744 | Lair:1   | Got a jacinth-studded ring mail {god gift}
 11765 | Lair:1   | Identified the +4 ring mail of Activism {rC+ rN+ Regen+
                  | Str-5} (Okawaru gifted it to you on level 1 of the Lair of
                  | Beasts)
 11824 | Lair:1   | Noticed a four-headed hydra
 11836 | Lair:1   | Killed a four-headed hydra
 11836 | Lair:1   | Reached skill level 15 in Unarmed Combat
 12872 | Lair:2   | Received a gift from Okawaru
 12880 | Lair:2   | Identified a +2 pair of boots of running (Okawaru gifted it
                  | to you on level 2 of the Lair of Beasts)
 12957 | Lair:2   | Noticed an eight-headed hydra
 12965 | Lair:2   | Killed an eight-headed hydra
 13118 | Lair:2   | Found a dark tunnel.
 13216 | Volcano  | Entered a volcano
 13239 | Volcano  | Noticed a red draconian
 13239 | Volcano  | Noticed a two-headed ogre
 13252 | Volcano  | Killed from afar by a red draconian

Illustrated notes

Levels and vault maps discovered:
D:1:      lightli_arrival_noodles, layout_loops_corners, serial_bayou,
          serial_bayou_lagoon_a, serial_bayou_pond_e, serial_bayou_pond_e,
          serial_bayou_pond_b
D:2:      layout_loops_ring, lemuel_doored_altar,
          nicolae_overflow_crystal_walls,
          chequers_temple_overflow_statue_of_worship, first_ration,
          minmay_misc_feat_tower
D:3:      layout_basic, minmay_quadrilaterals
D:4:      layout_loops_corners, eat_drink_and_be_merry_uskayaw, uniq_eustachio,
          uniq_robin
D:5:      layout_basic, lemuel_coloured_pillars_altar, lightli_temple_of_fire
D:6:      layout_basic, minmay_misc_feat_iff, dk_noncrumbling_4, uniq_menkaure
D:7:      layout_gridville, nicolae_overflow_hidden_temple,
          minmay_temple_entry_statues_pillars, enter_bailey_3, the_bakery
D:8:      layout_basic, old_standard_altar, lair_entry_dummy, serial_shops,
          shop, minmay_puff
D:9:      layout_small_grid, grunt_qazlal_sundering, orc_0_dummy,
          ebering_ghost_disaster_area
D:10:     layout_roguey, enter_trove_0, nicolae_underground_beach
D:11:     layout_gridville, gauntlet_entry_generic, serial_shops, shop_scrolls,
          uniq_erolcha
Temple:   minmay_temple_bridge_abc
Lair:1:   layout_chaotic_city, grunt_megastairs_5, infiniplex_staircase_pool_2,
          uniq_gastronok
Lair:2:   layout_regular_city, minmay_snake_entry_guardpost_medium,
          nicolae_volcano_entry_s_turn, st_stairs_8,
          nicolae_quartered_pool_super, beast_lair_carwin_9
Volcano:  volcano_pools

Skill      XL: |  1  2  3  4  5  6  7  8  9 10 11 12 |
---------------+-------------------------------------+-----
Fighting       | 4 5 6 7 8 |  8.7
Unarmed Combat | 4 5 6 7 9 11 12 14 15 | 15.9
Armour         | 2 3 4 5 6 7 |  7.5
Stealth        | 3 4 5 6 7 8 9 |  9.4
Dodging        | 3 4 |  4.1
Invocations    | 2 3 5 6 |  6.2
Evocations     | |  0.3

Action                   |  1- 3 |  4- 6 |  7- 9 | 10-12 || total
-------------------------+-------+-------+-------+-------++-------
Melee: Unarmed           |    85 |   264 |   425 |   716 ||  1490
       Punch             |       |     2 |    11 |    52 ||    65
Invok: Heroism           |       |       |       |    19 ||    19
Evoke: Wand              |       |       |     3 |       ||     3
  Use: Potion            |       |     1 |     6 |     2 ||     9
       Scroll            |       |       |     6 |    14 ||    20
 Stab: Sleeping          |     1 |       |       |       ||     1
       Confused          |       |       |     5 |       ||     5
  Eat: Chunk             |     7 |    24 |    69 |    90 ||   190
Armor: Plate armour      |    44 |   271 |   298 |       ||   613
       Chain mail        |       |       |       |   441 ||   441
Dodge: Dodged            |    18 |   103 |   149 |   361 ||   631
